 Dungeon Crawl Stone Soup version 0.29-a0-451-gfbfa42419e (webtiles) character file.

Game seed: 3729203000605722127

1259 acebull12 the Grappler (level 8, -13/66 HPs)
             Began as a Ghoul Warper on May 19, 2022.
             Was a Follower of Ashenzari.
             Killed from afar by an acid dragon (21 damage)
             ... with a splash of acid
             ... on level 6 of the Dungeon.
             The game lasted 00:40:12 (5801 turns).

acebull12 the Grappler (Ghoul Warper)               Turns: 5801, Time: 00:40:13

Health: -13/66     AC:  3    Str: 15    XL:     8   Next: 51%
Magic:  10/10      EV: 10    Int: 10    God:    Ashenzari [*.....]
Gold:   232        SH:  0    Dex:  8    Spells: 10/12 levels left

rFire   + . .      SeeInvis .     - Unarmed
rCold   + . .      Faith    .   (no shield)
rNeg    + + +      Spirit   .   q - +0 scale mail
rPois   ∞          Reflect  .   (no helmet)
rElec   .          Harm     .   (no cloak)
rCorr   .          Rampage  .   (no gloves)
Will    .....                   m - +0 pair of boots
Stlth   ..........              g - amulet of regeneration
HPRegen 0.00/turn               n - ring "Augurer of Ashenzari" {AC+4, Alch, Cun} (curse)
MPRegen 0.12/turn               E - ring "Per Aspera Ad Scientiam" {rF+, Evo, Melee} (curse)

@: corroded, inhibited regen
A: claws 1, cold resistance 1, negative energy resistance 3, inhibited
regeneration, torment resistance 2, devour on kill
a: Renounce Religion, Shatter the Chains


You were on level 6 of the Dungeon.
You worshipped Ashenzari.
Ashenzari was aware of your devotion.
You visited 1 branch of the dungeon, and saw 6 of its levels.
You also visited: Ossuary.

You collected 232 gold pieces.

Inventory:

Missiles
 c - 6 boomerangs of dispersal (quivered)
 f - 3 boomerangs
Armour
 a - a +0 leather armour
 m - a +0 pair of boots (worn)
 q - a +0 scale mail (worn)
Jewellery
 g - an amulet of regeneration (around neck)
 n - the cursed ring "Augurer of Ashenzari" (left claw) {AC+4, Alch, Cun}
   (You found it on level 2 of the Dungeon)

   [ring of protection]

   AC:        It affects your AC (+4).
   It has a curse which improves the following skills: Alchemy: Poison Magic and
   Transmutations.
   Cunning:   Dodging and Stealth.
 E - the cursed ring "Per Aspera Ad Scientiam" (right claw) {rF+, Evo, Melee}
   (You found it on level 6 of the Dungeon)

   [ring of protection from fire]

   rF:        It protects you from fire.
   It has a curse which improves the following skills: Evocations: Evocations.
   Melee Combat: Short Blades, Long Blades, Axes, Maces & Flails, Polearms,
   Staves and Unarmed Combat.
Wands
 o - a wand of iceblast (3)
 p - a wand of paralysis (16)
 y - a wand of charming (12)
Scrolls
 b - 3 scrolls of blinking
 d - 7 scrolls of teleportation
 h - a scroll of silence
 l - a scroll of fear
 s - a scroll of fog
 t - a scroll of enchant armour
 x - 4 scrolls of magic mapping
 B - a scroll of poison
 D - a scroll of enchant weapon
Potions
 e - 3 potions of curing
 i - a potion of invisibility
 j - a potion of might
 k - 3 potions of brilliance
 u - a potion of haste
 v - 2 potions of cancellation
 w - a potion of ambrosia
 z - a potion of heal wounds


   Skills:
 * Level 3.9 Fighting
 + Level 1.0 Throwing
 * Level 2.1 Armour
 + Level 3.2(4.0) Dodging
 + Level 0.4(0.8) Stealth
 * Level 8.3(9.1) Unarmed Combat
 * Level 2.6 Spellcasting
 * Level 4.5 Translocations


You had 10 spell levels left.
You knew the following spells:

 Your Spells              Type           Power      Damage    Failure   Level
a - Blink                 Tloc           20%        N/A       28%         2

Your spell library contained the following spells:

 Spells                   Type           Power      Damage    Failure   Level
 Gell's Gravitas          Tloc           10%        N/A       50%         3
 Lesser Beckoning         Tloc           10%        N/A       50%         3
 Teleport Other           Tloc           10%        N/A       50%         3
 Necrotize                Necr           4%         1d4       75%         1
 Ensorcelled Hibernation  Hex/Ice        2%         N/A       87%         2
 Vampiric Draining        Necr           1%         2d6       98%         3
 Manifold Assault         Tloc           10%        N/A       99%         5
 Anguish                  Hex/Necr       0%         N/A       100%        4
 Cause Fear               Hex            0%         N/A       100%        4
 Agony                    Necr           1%         N/A       100%        5
 Summon Hydra             Summ           0%         N/A       100%        7
 Dragon's Call            Summ           0%         N/A       100%        9
 Wereblood                Tmut           Unusable   N/A       N/A         2
 Sublimation of Blood     Necr           Unusable   N/A       N/A         2
 Spider Form              Tmut/Pois      Unusable   N/A       N/A         3
 Dragon Form              Tmut           Unusable   N/A       N/A         7

Dungeon Overview and Level Annotations

Branches:
Dungeon (6/15)            Ossuary (visited)
 Temple: D:4-7

Altars:
Ashenzari

Shops:
D:2 (


Innate Abilities, Weirdness & Mutations

You are immune to poison.
You have sharp fingernails.
Your flesh is cold resistant. (rC+)
You are immune to negative energy. (rN+++)
You do not regenerate when monsters are visible.
You are immune to unholy pain and torment.
You thrive by killing the living.


Message History

You claw the acid dragon!
The acid dragon is moderately wounded.
Something unseen opens the door.
The acid dragon bites you but does no damage.
The acid dragon claws you.
You scratch the acid dragon.
The acid dragon is heavily wounded.
You scratch the acid dragon.
The acid dragon is heavily wounded.
A troll comes into view.
The acid dragon spits acid at you. The splash of acid hits you!
The acid corrodes you!
The troll shouts!
You scratch the acid dragon but do no damage.
The acid dragon is heavily wounded.
The acid dragon barely misses you. x2
You scratch the acid dragon but do no damage.
The acid dragon is heavily wounded.
The acid dragon closely misses you. The acid dragon barely misses you.
You scratch the acid dragon but do no damage.
The acid dragon is heavily wounded.
The acid dragon spits acid at you. The splash of acid hits you!!
The acid corrodes you!
The acid dragon attacks as you move away!
The acid dragon bites you!
* * * LOW HITPOINT WARNING * * *
The acid dragon closely misses you.
The acid dragon attacks as you move away!
The acid dragon closely misses you. The acid dragon barely misses you.
There is an open door here.
You see here a hound skeleton.
There is an open door here.
The acid dragon attacks as you move away!
The acid dragon bites you.
* * * LOW HITPOINT WARNING * * *
The acid dragon claws you.
* * * LOW HITPOINT WARNING * * *
The acid dragon spits acid at you. The splash of acid hits you!!
You die...

.....<...................#
.............###.......#.#
.............###.##.###<.#
.................##...#.##
.......##############.#.#
......##.. ..## #.#.# .....##
.###.[#######...### .#####
#[#8.#.<...#.....## ..# ##
#[##'##@..........## .|# #..
+$#..8#............# ..# #8.
#(#..÷D............# .(##
#'##[##T##............# ...#
#.8#)#8.#.............# ...#
#..###T.#.............#
.#.#####..'..##............##
......#########.....#.......#####
###...# #############.....#


You could see an acid dragon (catching breath).

Vanquished Creatures
  Duvessa (D:5)
  A black bear (D:5)
  An ogre (D:5)
  3 scorpions (D:6)
  Dowan (D:4)
  2 centaur zombies (Ossuary)
  3 human zombies (Ossuary)
  5 hounds
  2 jellies
  3 iguanas
  4 orc wizards
  3 mummies (Ossuary)
  9 adders
  A shadow imp (D:6)
  2 ufetubi (D:6)
  A worm (D:2)
  A dart slug (D:1)
  14 orcs
  5 endoplasms
  3 giant cockroaches
  A gnoll zombie (Ossuary)
  7 goblins
  10 hobgoblins
  4 jackals (D:5)
  6 quokkas
  12 ball pythons
  5 bats
  2 frilled lizards (D:2)
  A hobgoblin zombie (Ossuary)
  2 kobolds (D:1)
  An orc zombie (Ossuary)
  4 rats
120 creatures vanquished.

Notes
Turn   | Place    | Note
-------+----------+-------------------------------------------
     0 | D:1      | acebull12 the Ghoul Warper began the quest for the Orb.
     0 | D:1      | Reached XP level 1. HP: 17/17 MP: 2/2
    75 | D:1      | Reached XP level 2. HP: 15/24 MP: 3/3
   518 | D:1      | Reached skill level 1 in Armour
   768 | D:1      | Reached XP level 3. HP: 30/30 MP: 4/4
   771 | D:1      | Learned a level 2 spell: Blink
  1062 | D:2      | Found Toulocos's Antique Weapon Shoppe.
  1191 | D:2      | Reached skill level 3 in Unarmed Combat
  1196 | D:2      | Found a faded altar of an unknown god.
  1415 | D:2      | Reached XP level 4. HP: 32/37 MP: 5/5
  1796 | D:3      | Found a broken altar of Ashenzari.
  1807 | D:3      | Became a worshipper of Ashenzari the Shackled
  1971 | D:2      | Reached XP level 5. HP: 8/42 MP: 6/6
  2312 | D:3      | Reached skill level 4 in Unarmed Combat
  2514 | D:3      | You fall into a shaft and drop 2 floors!
  2514 | D:5      | Entered Level 5 of the Dungeon
  2659 | D:4      | Found a sand-covered staircase.
  2674 | Ossuary  | Entered an ossuary
  2781 | Ossuary  | Reached XP level 6. HP: 30/50 MP: 7/7
  2860 | Ossuary  | Reached skill level 5 in Unarmed Combat
  3626 | D:4      | Reached XP level 7. HP: 56/56 MP: 8/8
  3640 | D:4      | Reached skill level 6 in Unarmed Combat
  4288 | D:5      | Noticed Dowan
  4320 | D:5      | Noticed Duvessa
  4426 | D:5      | Killed Duvessa
  4443 | D:4      | Killed Dowan
  4610 | D:5      | Reached skill level 7 in Unarmed Combat
  4736 | D:5      | Reached XP level 8. HP: 51/63 MP: 10/10
  5125 | D:6      | Reached skill level 1 in Throwing
  5169 | D:6      | Reached skill level 8 in Unarmed Combat
  5175 | D:6      | Reached * piety under Ashenzari
  5556 | D:6      | Noticed a two-headed ogre
  5790 | D:6      | Noticed a troll
  5801 | D:6      | Killed from afar by an acid dragon

Illustrated notes

Levels and vault maps discovered:
D:1:      tarquinn_simple_flora_water_e, layout_rooms
D:2:      layout_loops_cross, serial_shops, shop_fountains,
          shapermc_ecumenical_altar_gd, nicolae_figureground_pulse
D:3:      layout_basic, mainiacjoe_overflow_tiny_flanked
D:4:      layout_basic, lightli_ossuary_entry_decrepit_ruins
D:5:      layout_loops_cross, minmay_misc_feat_nine_boxes, dk_rats_in_the_wall,
          uniq_duvessa
D:6:      minmay_chambers_of_sixes, layout_rooms, mrwooster_statue_mirror,
          hangedman_decor_growths, hangedman_abyss_or_decor_lesser_grid

Skill      XL: |  1  2  3  4  5  6  7  8 |
---------------+-------------------------+-----
Translocations | 3 4 |  4.5
Dodging        | 2 3 |  3.2
Armour         | 1 2 |  2.1
Unarmed Combat | 3 4 5 7 8 |  8.3
Fighting       | 3 |  3.9
Spellcasting   | 2 |  2.6
Throwing       | 1 |  1.0
Stealth        | |  0.4

Action                   |  1- 3 |  4- 6 |  7- 9 || total
-------------------------+-------+-------+-------++-------
Melee: Unarmed           |   144 |   273 |   188 ||   605
       Punch             |       |    10 |     5 ||    15
Throw: Boomerang         |     1 |       |     3 ||     4
 Cast: Blink             |     1 |       |     2 ||     3
Invok: Curse Item        |       |     1 |     1 ||     2
  Use: Scroll            |       |     3 |     2 ||     5
Armor: Leather armour    |    34 |    85 |    54 ||   173
       Scale mail        |       |       |     3 ||     3
Dodge: Dodged            |    75 |   110 |   112 ||   297

Table legend: (Time is in decaauts)
 A = Elapsed time spent in this place.
 B = Non-inter-level travel time spent in this place.
 C = Inter-level travel time spent in this place.
 D = Time resting spent in this place.
 E = Time spent auto-exploring this place.
 F = Levels seen in this place.
 G = Mean time per level.
                   A        B        C        D        E       F      G
               +--------+--------+--------+--------+--------+-----+--------+
         Total |   5757 |   5334 |    423 |    335 |   3213 |   7 |  822.4 |
       Dungeon |   5402 |   4979 |    423 |    263 |   3193 |   6 |  900.3 |
       Ossuary |    354 |    354 |      0 |     72 |     20 |   1 |  354.0 |
               +--------+--------+--------+--------+--------+-----+--------+

Top non-repeatable levels by time:
     D:4: 1161 daAuts
     D:3: 951 daAuts
     D:2: 917 daAuts
     D:1: 905 daAuts
     D:5: 893 daAuts
     D:6: 572 daAuts
 Ossuary: 354 daAuts
